 Dungeon Crawl Stone Soup version 0.30-a0-965-g42e074c17a (webtiles) character file.

Game seed: 2612119120283321625

14690 Ahpoh the Carver (level 12, -1/75 HPs)
             Began as a Gargoyle Gladiator on Mar 30, 2023.
             Was a Priest of Wu Jian.
             Slain by a troll (7 damage)
             ... on level 13 of the Dungeon.
             The game lasted 00:46:04 (14180 turns).

Ahpoh the Carver (Gargoyle Gladiator)              Turns: 14180, Time: 00:46:09

Health: -1/75      AC: 29    Str: 26    XL:     12   Next: 19%
Magic:  0/12       EV: 14    Int: 12    God:    Wu Jian [***...]
Gold:   765        SH:  0    Dex: 15    Spells: 11/11 levels left

rFire   . . .      SeeInvis .    H - +6 great sword of the Omega Point {freeze, Str+8 Int+2}
rCold   + . .      Faith    .    (shield currently unavailable)
rNeg    + . .      Spirit   +    E - +2 plate armour {rC+}
rPois   ∞          Reflect  .    i - +0 helmet
rElec   +          Rampage  .    (no cloak)
rCorr   .                        C - +0 pair of gloves
Will    .....                    o - +0 pair of boots Stlth
                                 J - amulet of guardian spirit
HPRegen 0.32/turn                d - +5 ring of evasion
MPRegen 0.13/turn                (no ring)

@: mighty
A: sickness immunity, AC +8, negative energy resistance 1, electricity
resistance, torment resistance 1, petrification resistance, mutation resistance
1, MP-powered wands
a: Renounce Religion, Wall Jump, Serpent's Lash


You were on level 13 of the Dungeon.
You worshipped Wu Jian.
Wu Jian was most pleased with you.
You visited 1 branch of the dungeon, and saw 13 of its levels.

You collected 765 gold pieces.

Inventory:

Hand Weapons
 H - the +6 great sword of the Omega Point (weapon) {freeze, Str+8 Int+2}
   (You found it on level 9 of the Dungeon)

   Str:       It affects your strength (+8).
   Int:       It affects your intelligence (+2).
Missiles
 e - 6 boomerangs (quivered)
 M - a javelin
 N - 4 silver javelins
Armour
 i - a +0 helmet (worn)
 o - a +0 pair of boots (worn)
 C - a +0 pair of gloves (worn)
 E - a +2 plate armour of cold resistance (worn)
Jewellery
 d - a +5 ring of evasion (left hand)
 J - an amulet of guardian spirit (around neck)
Wands
 a - a wand of light (5)
 l - a wand of flame (5)
Scrolls
 b - 5 scrolls of fear
 h - 4 scrolls of vulnerability
 j - 3 scrolls of magic mapping {unknown}
 k - 7 scrolls of fog
 p - 3 scrolls of blinking
 q - a scroll of enchant armour {unknown}
 r - 2 scrolls of summoning {unknown}
 t - a scroll of brand weapon {unknown}
 w - 3 scrolls of teleportation
 x - a scroll of silence {unknown}
 y - 3 scrolls of immolation {unknown}
 D - a scroll of enchant weapon {unknown}
 F - 2 scrolls of noise {unknown}
 L - a scroll of amnesia {unknown}
Potions
 c - 2 potions of resistance {unknown}
 f - a potion of cancellation {unknown}
 g - 2 potions of attraction {unknown}
 m - a potion of curing
 n - 5 potions of might
 s - 3 potions of flight
 u - a potion of haste {unknown}
 v - a potion of invisibility {unknown}
 z - 3 potions of mutation
 B - 3 potions of ambrosia
 G - a potion of degeneration {unknown}
 K - a potion of brilliance {unknown}
Miscellaneous
 A - a lightning rod (4/4)
 I - a phantom mirror (inert)


   Skills:
 + Level 8.7 Fighting
 + Level 13.6 Long Blades
 + Level 2.5 Throwing
 + Level 9.7 Armour
 + Level 4.4 Dodging
 + Level 2.1 Stealth
 + Level 0.1 Evocations


You had 11 spell levels left.
You didn't know any spells.
Your spell library contained the following spells:

 Spells                   Type           Power      Damage    Failure   Level
 Ignite Poison            Fire/Tmut/Pois 0%         N/A       100%        3
 Stone Arrow              Conj/Erth      0%         3d7       100%        3
 Animate Armour           Summ/Erth      0%         N/A       100%        4
 Sticky Flame             Conj/Fire      0%         2d3       100%        4
 Alistair's Intoxication  Tmut/Pois      0%         N/A       100%        5
 Borgnjor's Vile Clutch   Necr/Erth      0%         N/A       100%        5
 Yara's Violent Unravell  Hex/Tmut       0%         3d3       100%        5
 Eringya's Noxious Bog    Tmut/Pois      0%         N/A       100%        6
 Enfeeble                 Hex            0%         N/A       100%        7
 Ignition                 Fire           0%         3d3       100%        8
 Lehudib's Crystal Spear  Conj/Erth      0%         10d2      100%        8


Dungeon Overview and Level Annotations

Branches:
Dungeon (13/15)            Temple (0/1) D:6            Lair (0/5) D:10
    Orc (0/2) D:12
 Vaults: D:13-14

Altars:
Cheibriados
Elyvilon
Fedhas
Gozag
Nemelex Xobeh
Qazlal
Ru
Sif Muna
Uskayaw
Vehumet
Wu Jian
Xom
Yredelemnul
Zin
The Shining One

Portals:
Trove: D:12 (give 20 potions of curing)

Annotations:
D:12 Nessos


Innate Abilities, Weirdness & Mutations

You are immune to sickness and miasma.
Your stone body is resilient. (AC +8)
You are immune to poison.
You resist negative energy. (rN+)
You are resistant to electric shocks. (rElec)
You are resistant to unholy torment.
You are immune to petrification.
You are somewhat resistant to further mutation.
You expend magic power (3 MP) to strengthen your wands.


Message History

The large slime creature hits you!
You slice the large slime creature!! You freeze the large slime creature!
The large slime creature is almost dead.
A large slime creature splits.
You spin and attack the slime creature.
You slice the slime creature!! You freeze the slime creature.
You kill the slime creature!
The Council accepts your kill.
You barely miss the slime creature.
The slime creature is almost dead.
The slime creature closely misses you. The large slime creature hits you!!
* * * LOW HITPOINT WARNING * * *
You slice the slime creature!! You freeze the slime creature.
You kill the slime creature!
The Council accepts your kill.
A large slime creature splits.
You feel very mighty all of a sudden. The troll bites you.
* * * LOW HITPOINT WARNING * * *
The troll closely misses you. The troll claws you but does no damage.
The slime creature barely misses you.
The slime creature hits you but does no damage.
You feel better. The troll bites you but does no damage.
The troll claws you but does no damage. x2
The slime creature hits you but does no damage.
The slime creature closely misses you.
You slice the slime creature!! You freeze the slime creature.
You kill the slime creature!
The Council accepts your kill. The troll bites you!
* * * LOW HITPOINT WARNING * * *
The troll claws you but does no damage. x2
The slime creature hits you but does no damage.
You slice the slime creature!! You freeze the slime creature!
You kill the slime creature!
The Council accepts your kill. The troll bites you!
* * * LOW HITPOINT WARNING * * *
The troll claws you but does no damage. The troll claws you!
You die...

#.#.####.# #.....##.#
.©.. #.....##.# ####...
#..##.##.# #.....
##..##.#<.# #....
#...##...## #...
##..###.### ###..
##..####.# ##...#
#...#....####...@#
.....(..........T# ####.#
.................##.....#
..##..).#....#......#
.###..............###
...###....##....### ...#
#....##....#
...###..........##
##.##...#....#...#


You could see a troll.

Vanquished Creatures
  3 two-headed ogres
  2 boulder beetles
  Nergalle (D:12)
  A skeletal warrior (D:13)
  Pikel (D:7)
  An ugly thing (D:11)
  2 cyclopes
  An elephant (D:10)
  A gargoyle (D:12)
  An unseen horror (D:11)
  A freezing wraith (D:13)
  4 trolls
  5 slime creatures (D:13)
  3 shadows
  A vampire (D:9)
  Eustachio (D:5)
  3 wraiths (D:12)
  4 yaks (D:10)
  A basilisk (D:10)
  A steam dragon (D:8)
  2 vampire mosquitoes (D:11)
  An acid dragon (D:10)
  A water moccasin (D:7)
  3 black bears
  Duvessa (D:7)
  5 orc warriors
  A sky beast (D:6)
  2 ogres
  2 centaurs
  2 phantoms
  2 kobold brigands
  2 lemures (D:7)
  7 bullfrogs
  3 scorpions
  5 wights
  Dowan (D:7)
  9 killer bees
  An electric eel (D:10)
  4 hounds
  4 jellies
  A gnoll bouda (D:4)
  9 orc priests
  2 iguanas (D:5)
  A sleepcap (D:6)
  Terence (D:3)
  12 orc wizards
  4 gnolls
  4 adders
  A shadow imp (D:5)
  2 white imps
  2 ufetubi (D:6)
  4 worms
  34 orcs
  4 bats
  9 endoplasms
  A giant cockroach (D:2)
  6 goblins
  9 hobgoblins
  8 jackals (D:2)
  2 quokkas
  A ball python (D:1)
  3 frilled lizards (D:2)
  11 kobolds
  6 rats
233 creatures vanquished.

Vanquished Creatures (others)
  4 plants
4 creatures vanquished.

Grand Total: 237 creatures vanquished

Notes
Turn   | Place    | Note
-------+----------+-------------------------------------------
     0 | D:1      | Ahpoh the Gargoyle Gladiator began the quest for the Orb.
     0 | D:1      | Reached XP level 1. HP: 12/12 MP: 1/1
   351 | D:1      | Reached XP level 2. HP: 17/17 MP: 2/2
   606 | D:1      | Reached skill level 3 in Long Blades
  1400 | D:2      | Reached XP level 3. HP: 22/22 MP: 3/3
  1707 | D:2      | Reached skill level 1 in Armour
  2003 | D:2      | Reached XP level 4. HP: 27/27 MP: 4/4
  2635 | D:3      | Noticed Terence
  2646 | D:3      | Killed Terence
  2647 | D:3      | Reached skill level 4 in Long Blades
  2843 | D:3      | Found a faded altar of an unknown god.
  2848 | D:3      | Found a shimmering blue altar of Sif Muna.
  3338 | D:3      | Reached XP level 5. HP: 7/31 MP: 5/5
  3897 | D:4      | Reached XP level 6. HP: 26/36 MP: 6/6
  3963 | D:4      | Reached skill level 5 in Long Blades
  4435 | D:4      | Found an ornate altar of the Wu Jian Council.
  4458 | D:4      | Became a worshipper of the Wu Jian Council
  4522 | D:5      | Entered Level 5 of the Dungeon
  4651 | D:5      | Reached XP level 7. HP: 30/41 MP: 7/7
  5012 | D:5      | Found an opulent altar of Gozag.
  5097 | D:5      | Found a hide-covered altar of Uskayaw.
  5097 | D:5      | Noticed Eustachio
  5182 | D:5      | Identified the +2 mace of Koihach {flame, Fly rF+ Str+4}
  5309 | D:5      | Reached skill level 1 in Stealth
  5348 | D:5      | Found a white marble altar of Elyvilon.
  5862 | D:5      | HP: 2/42 [gnoll/+0 flail[a gnoll bouda] (4)]
  5867 | D:4      | HP: 2/42 [gnoll/+0 flail[a gnoll bouda] (2)]
  5869 | D:4      | Reached skill level 6 in Long Blades
  6127 | D:5      | Killed Eustachio
  6128 | D:5      | Reached XP level 8. HP: 31/48 MP: 8/8
  6342 | D:5      | Found a basalt altar of Yredelemnul.
  6667 | D:6      | Reached * piety under Wu Jian
  6852 | D:5      | Reached skill level 7 in Long Blades
  6852 | D:5      | Reached skill level 5 in Armour
  7020 | D:6      | Found a staircase to the Ecumenical Temple.
  7033 | D:6      | Reached skill level 5 in Fighting
  7439 | D:7      | Reached XP level 9. HP: 18/54 MP: 9/9
  7442 | D:7      | HP: 2/54 [killer bee (6)]
  7448 | D:7      | Reached skill level 8 in Long Blades
  7979 | D:7      | Noticed Pikel
  7988 | D:7      | Killed Pikel
  8117 | D:7      | Noticed Dowan
  8118 | D:7      | Noticed Duvessa
  8155 | D:6      | Reached skill level 9 in Long Blades
  8521 | D:7      | Killed Duvessa
  8524 | D:7      | Killed Dowan
  8842 | D:8      | Found a shimmering altar of Xom.
  8843 | D:8      | Found a shimmering altar of Xom.
  8843 | D:8      | Found a shimmering altar of Xom.
  8868 | D:8      | Found a shimmering altar of Xom.
  8883 | D:8      | Found a snail-covered altar of Cheibriados.
  8974 | D:8      | Reached ** piety under Wu Jian
  9102 | D:8      | Reached XP level 10. HP: 47/60 MP: 10/10
  9392 | D:8      | Reached skill level 10 in Long Blades
  9726 | D:8      | Found a glowing golden altar of the Shining One.
  9733 | D:8      | Found a stormy altar of Qazlal.
  9734 | D:8      | Found a blossoming altar of Fedhas.
  9778 | D:9      | Gained mutation: You expend magic power (3 MP) to
                  | strengthen your wands. [potion of mutation]
  9778 | D:9      | Gained mutation: You are somewhat resistant to further
                  | mutation. [potion of mutation]
  9858 | D:9      | Found a sacrificial altar of Ru.
 10081 | D:9      | Noticed a two-headed ogre
 10084 | D:9      | Identified the +6 great sword of the Omega Point {freeze,
                  | Str+8 Int+2}
 10109 | D:10     | Entered Level 10 of the Dungeon
 10134 | D:10     | Noticed an elephant
 10190 | D:9      | Killed a two-headed ogre
 11129 | D:10     | Found a sparkling altar of Nemelex Xobeh.
 11129 | D:10     | Found a radiant altar of Vehumet.
 11300 | D:10     | Found a staircase to the Lair.
 11303 | D:10     | Noticed a two-headed ogre
 11309 | D:10     | Killed a two-headed ogre
 11310 | D:10     | Reached skill level 11 in Long Blades
 11332 | D:10     | Reached XP level 11. HP: 67/67 MP: 11/11
 11874 | D:11     | Noticed a cyclops
 11879 | D:11     | Killed a cyclops
 11880 | D:11     | Reached skill level 12 in Long Blades
 11894 | D:11     | Noticed a red ugly thing
 11905 | D:11     | Killed a red ugly thing
 11922 | D:11     | Found a glowing silver altar of Zin.
 12071 | D:11     | Noticed a boulder beetle
 12097 | D:11     | Killed a boulder beetle
 12162 | D:11     | Identified the +1 robe of Insurance {rC+ Int+2 Stlth+}
 12264 | D:11     | Reached *** piety under Wu Jian
 12910 | D:12     | Noticed Nergalle
 12916 | D:12     | Killed Nergalle
 12982 | D:12     | Noticed a two-headed ogre
 12990 | D:12     | Killed a two-headed ogre
 13184 | D:12     | Noticed Nessos
 13338 | D:12     | Found a staircase to the Orcish Mines.
 13460 | D:12     | Found a portal to a secret trove of treasure.
 13787 | D:13     | Noticed a boulder beetle
 13798 | D:13     | Killed a boulder beetle
 13799 | D:13     | Reached skill level 13 in Long Blades
 13859 | D:13     | Reached XP level 12. HP: 65/75 MP: 9/12
 13985 | D:13     | Noticed a death knight
 14180 | D:13     | Slain by a troll

Illustrated notes

Levels and vault maps discovered:
D:1:      kilobyte_arrival_exit_the_forest, layout_basic
D:2:      layout_basic
D:3:      layout_basic, nicolae_overflow_ecumenical_swirl, dk_noncrumbling_4,
          grunt_decor_arrowhead, uniq_terence
D:4:      layout_rooms, kennysheep_mini
D:5:      layout_loops_ring, kennysheep_ying_yang,
          nicolae_uskayaw_murder_on_the_dancefloor, grunt_gozag_statues,
          uniq_eustachio
D:6:      layout_cave_pools, minmay_temple_entry_gardened_gates
D:7:      layout_rooms, uniq_duvessa, uniq_pikel
D:8:      layout_loops_corners, minitemple, cheibriados_altar_1, xom_redecorated
D:9:      layout_rooms, nicolae_ru_sacrificial_ziggurat
D:10:     layout_basic, gammafunk_temple_overflow_elements, david_lair_generic,
          kennysheep_minor_cross
D:11:     layout_roguey, zin_academy
D:12:     layout_long_grid, david_orc_1_choice, nicolae_trove_entry_free_sample,
          hangedman_decor_diamond_cutter, uniq_nessos, uniq_nergalle
D:13:     gammafunk_dig_for_victory, layout_rooms, serial_shops, shop_statue,
          skrybe_limestone_x

Skill      XL: |  1  2  3  4  5  6  7  8  9 10 11 |
---------------+----------------------------------+-----
Long Blades    | 3 4 5 6 7 9 11 13 | 13.6
Armour         | 1 2 3 4 5 7 8 9 |  9.7
Throwing       | 2 |  2.5
Fighting       | 3 4 5 6 7 8 |  8.7
Stealth        | 1 2 |  2.1
Dodging        | 3 4 |  4.4
Evocations     | |  0.1

Action                     |  1- 3 |  4- 6 |  7- 9 | 10-12 || total
---------------------------+-------+-------+-------+-------++-------
  Melee: Long sword        |   132 |   152 |   384 |       ||   668
         Punch             |       |     2 |     9 |       ||    11
         Great sword       |       |       |    98 |   315 ||   413
  Throw: Throwing net      |       |     2 |     4 |       ||     6
         Javelin           |       |     1 |     3 |     3 ||     7
         Boomerang         |       |       |       |     4 ||     4
Ability: Lunge             |       |     1 |    17 |    26 ||    44
         Whirlwind         |       |       |    11 |    14 ||    25
  Evoke: Wand              |       |       |       |     1 ||     1
         Phantom mirror    |       |       |       |     1 ||     1
    Use: Scroll            |       |     1 |     4 |     7 ||    12
         Potion            |       |       |     1 |    14 ||    15
   Stab: Held in net/web   |       |     2 |       |       ||     2
 Armour: Leather armour    |    12 |       |       |       ||    12
         Ring mail         |    68 |    40 |       |       ||   108
         Chain mail        |       |    47 |   453 |    34 ||   534
         Plate armour      |       |       |       |   162 ||   162
  Dodge: Dodged            |    90 |    64 |   303 |   241 ||   698

Table legend: (Time is in decaauts)
 A = Elapsed time spent in this place.
 B = Non-inter-level travel time spent in this place.
 C = Inter-level travel time spent in this place.
 D = Time resting spent in this place.
 E = Time spent auto-exploring this place.
 F = Levels seen in this place.
 G = Mean time per level.
                   A        B        C        D        E       F      G
               +--------+--------+--------+--------+--------+-----+--------+
         Total |  14363 |  13973 |    390 |   2122 |   7874 |  13 | 1104.8 |
       Dungeon |  14363 |  13973 |    390 |   2122 |   7874 |  13 | 1104.8 |
               +--------+--------+--------+--------+--------+-----+--------+

Top non-repeatable levels by time:
     D:3: 1623 daAuts
     D:5: 1330 daAuts
     D:4: 1287 daAuts
     D:1: 1287 daAuts
     D:6: 1284 daAuts
     D:8: 1202 daAuts
    D:12: 1186 daAuts
    D:10: 1133 daAuts
     D:7: 1065 daAuts
     D:2: 1003 daAuts
    D:11: 830 daAuts
     D:9: 729 daAuts
    D:13: 399 daAuts
